Map: Acid Plant LE

Players

HuT

  • Race: Terran Terran
  • Spawn Location: 5:00

JonSnow - Winner!

  • Race: Zerg Zerg
  • Spawn Location: 11:00

Event: WCS Montreal 2018

VOD

Have the link to the VOD?

Description

Time

  • Played on: Sept. 7, 2018, 7:27 p.m.
  • Length: 14:08

All games in this series

Show
View Real Time Build Order
Export as new Build Order

HuT Terran 

Build Orders: MMM Bio 

Get SALT Encoding   

  12  0:00  SCV  
  13  0:12  SCV  
  14  0:17  Supply Depot  
  14  0:24  SCV  
  15  0:39  Barracks  
  15  0:53  Barracks  
  15  0:54  SCV  
  16  1:06  SCV  
  17  1:26  Marine, Orbital Command  
  17  1:31  Supply Depot  
  18  1:34  Refinery  
  18  1:40  Marine  
  18  1:44  Marine  
  20  1:52  Bunker  
  20  1:54  Bunker  
  20  1:59  SCV  
  20  2:09  Marine x2  
  21  2:19  SCV  
  21  2:27  Marine x2  
  23  2:31  SCV  
  23  2:35  Supply Depot  
  24  2:44  Marine  
  24  2:45  Marine  
  26  2:52  SCV  
  27  3:02  Marine x2  
  27  3:04  SCV  
  27  3:16  SCV  
  27  3:17  Factory  
  28  3:20  Marine x2  
  30  3:28  SCV  
  30  3:31  Bunker  
  31  3:39  Supply Depot  
  31  3:41  SCV  
  32  3:42  Marine  
  32  3:43  Marine  
  34  3:53  SCV  
  35  4:01  Starport  
  35  4:05  SCV  
  36  4:12  Factory Reactor  
  36  4:17  SCV  
  37  4:29  SCV  
  38  4:38  Command Center  
  38  4:41  SCV  
  38  4:42  Viking  
  41  4:53  SCV  
  41  4:54  Hellion  
  41  4:57  Hellion  
  46  5:05  SCV  
  47  5:15  Barracks Tech Lab  
  47  5:27  Command Center  
  47  5:32  Supply Depot  
  47  5:35  Factory Tech Lab  
  47  5:37  Starport Reactor  
  47  5:49  Marine  
  49  5:50  SCV, Orbital Command  
  49  5:57  Refinery  
  49  6:03  Siege Tank  
  52  6:09  Marine  
  52  6:10  Orbital Command  
  52  6:25  Barracks  
  52  6:28  Barracks  
  52  6:34  Stimpack  
  52  6:37  SCV x2  
  54  6:41  Orbital Command  
  54  6:49  SCV x2  
  54  6:52  Marine  
  60  6:54  Siege Tank  
  46  7:01  SCV x2  
  46  7:05  Starport Reactor  
  46  7:06  Supply Depot  
  46  7:08  SCV  
  49  7:13  SCV x2  
  51  7:15  Marine  
  51  7:16  Marine x3  
  51  7:20  SCV  
  56  7:25  SCV x2  
  58  7:30  Engineering Bay  
  58  7:33  Engineering Bay  
  58  7:36  Bunker  
  58  7:37  Marine x2  
  58  7:39  Bunker, Marine  
  61  7:45  Medivac  
  61  7:46  Medivac  
  61  7:48  SCV  
  61  7:49  SCV  
  67  7:51  Marine  
  67  7:52  Marine  
  67  7:55  Marine  
  70  7:59  Missile Turret  
  70  8:01  Marine  
  70  8:02  Missile Turret  
  71  8:06  Marine  
  71  8:09  Marine  
  71  8:10  Missile Turret, Marine  
  74  8:12  Marine  
  74  8:19  Marine  
  75  8:24  Marine  
  75  8:27  Marine  
  73  8:28  Marine  
  73  8:30  Marine  
  73  8:33  SCV x2  
  77  8:36  Terran Infantry Weapons Level 1  
  77  8:37  Missile Turret, Terran Infantry Armor Level 1, Marine  
  77  8:39  SCV  
  79  8:41  Marine  
  79  8:42  Combat Shields  
  79  8:44  Marine  
  79  8:51  Supply Depot  
  79  8:53  Supply Depot  
  77  8:58  Siege Tank  
  77  9:00  Marine x4  
  77  9:02  Marine  
  84  9:08  SCV x2  
  87  9:10  Refinery x2  
  87  9:14  SCV  
  88  9:18  Marine x3  
  88  9:20  SCV, Marine x2  
  88  9:36  Marine x3, Supply Depot  
  88  9:38  Siege Tank, Marine, Orbital Command  
  91  9:43  Barracks  
  91  9:44  Barracks  
  91  9:45  SCV x2  
  97  9:57  Armory  
  97  9:58  Missile Turret  
  97  10:09  SCV x3  
  97  10:10  Marine  
  97  10:11  Marine x4  
  105  10:23  Medivac x2  
  109  10:33  Supply Depot  
  109  10:36  SCV x3, Marine x2  
  109  10:42  Barracks Reactor x2  
  112  10:45  Terran Infantry Weapons Level 2, Terran Infantry Armor Level 2  
  112  10:48  SCV x2  
  114  10:50  Barracks  
  114  10:51  Barracks  
  114  10:59  Barracks  
  114  11:03  Siege Tank  
  112  11:07  Medivac  
  112  11:10  SCV x2  
  112  11:11  SCV  
  116  11:13  Supply Depot  
  116  11:24  Marine x4  
  116  11:25  Marine x5  
  120  11:34  SCV x3  
  120  11:37  Barracks Tech Lab  
  120  11:38  Barracks Tech Lab  
  123  11:42  Marine  
  123  11:46  Supply Depot  
  124  11:47  Supply Depot  
  124  11:52  Barracks Tech Lab  
  124  11:57  Supply Depot  
  124  11:58  Marauder, Supply Depot  
  124  11:59  Marauder  
  108  12:21  Marauder x4, Marine x2  
  108  12:24  Marine  
  108  12:27  Marine x3  
  112  12:33  Medivac  
  112  12:34  Medivac  
  116  12:39  Marine  
  116  12:40  Marine  
  116  12:42  Marauder x4  
  126  12:47  Thor  
  126  12:48  Marine x2  
  126  12:49  Marine  
  135  12:55  Marine x2  
  135  12:57  Marine  
  138  13:03  Marauder  
  138  13:04  Marauder  
  137  13:11  Marine  
  137  13:12  Marauder x2, Marine  
  119  13:14  Concussive Shells  
  119  13:23  Marine  
  119  13:24  Marine x2  
  119  13:25  Marauder  
  124  13:30  Marine x2  
  126  13:47  Marine  
  110  13:50  Marine  
Show
View Real Time Build Order
Export as new Build Order

JonSnow Zerg - Winner!

Build Orders: Pool First, Muta Ling Bane 

Get SALT Encoding   

  12  0:01  Drone  
  13  0:12  Overlord  
  13  0:16  Drone  
  14  0:31  Drone x2  
  16  0:41  Spawning Pool  
  15  0:45  Drone  
  15  0:49  Drone  
  17  1:12  Hatchery  
  17  1:13  Drone  
  17  1:28  Extractor, Zergling x4  
  17  1:29  Zergling x2  
  19  1:33  Queen  
  19  1:39  Overlord  
  21  1:52  Zergling x2  
  22  1:56  Spine Crawler  
  21  2:05  Zergling x2  
  21  2:15  Zergling x2  
  19  2:22  Queen  
  19  2:25  Drone  
  23  2:30  Drone  
  23  2:35  Drone  
  24  2:56  Queen  
  26  2:58  Zergling x2  
  26  3:05  Zergling x2  
  27  3:17  Metabolic Boost  
  27  3:21  Drone x2  
  29  3:35  Queen  
  31  3:45  Overlord  
  31  3:52  Drone x2  
  31  3:53  Zergling x2  
  31  3:54  Zergling x2  
  35  4:05  Drone x3  
  35  4:07  Drone  
  39  4:16  Drone x3  
  41  4:19  Drone  
  41  4:22  Drone  
  42  4:29  Drone  
  43  4:39  Overlord  
  43  4:43  Lair  
  43  4:52  Drone  
  43  4:54  Overlord  
  43  4:57  Queen  
  43  4:59  Overlord  
  46  5:00  Drone x2  
  46  5:02  Drone  
  46  5:05  Drone x2  
  50  5:07  Drone  
  50  5:12  Overlord  
  51  5:14  Drone  
  51  5:15  Drone  
  51  5:18  Drone  
  54  5:23  Extractor x2  
  54  5:25  Extractor  
  54  5:27  Overlord  
  52  5:33  Queen  
  52  5:34  Drone x3  
  52  5:35  Drone  
  58  5:38  Drone  
  58  5:39  Zergling x4  
  61  5:44  Zergling x2  
  62  5:58  Zergling x10  
  62  6:02  Overseer, Spore Crawler  
  62  6:03  Drone  
  66  6:08  Zergling x2  
  66  6:09  Spire, Zergling x6  
  69  6:18  Zergling x8  
  73  6:22  Overlord  
  73  6:25  Zergling x2  
  74  6:31  Overlord  
  73  6:33  Queen  
  73  6:37  Zergling x2  
  75  6:49  Drone  
  75  6:50  Drone x6  
  75  6:52  Extractor  
  73  6:59  Zergling x4  
  71  7:06  Overlord  
  71  7:09  Hatchery  
  69  7:28  Mutalisk  
  69  7:29  Mutalisk x6  
  82  7:38  Mutalisk  
  82  7:42  Mutalisk  
  86  7:44  Hatchery  
  86  7:46  Drone x4  
  86  7:47  Drone  
  86  7:51  Overlord  
  90  7:53  Overlord  
  90  7:59  Drone  
  91  8:07  Mutalisk x2  
  95  8:13  Evolution Chamber  
  95  8:15  Evolution Chamber  
  95  8:18  Baneling Nest  
  95  8:19  Drone x4  
  97  8:20  Drone  
  97  8:30  Drone x3  
  97  8:31  Drone x3  
  97  8:32  Drone  
  104  8:41  Drone x3  
  104  8:42  Drone x2  
  104  8:48  Zerg Ground Armor Level 1, Zerg Melee Weapons Level 1  
  109  8:55  Drone x4  
  113  9:01  Extractor  
  112  9:05  Mutalisk  
  112  9:07  Hatchery  
  113  9:10  Overlord  
  113  9:14  Extractor  
  112  9:24  Zergling x28  
  126  9:35  Baneling x3  
  126  9:36  Mutalisk x4  
  130  9:38  Drone x3  
  130  9:39  Drone x2  
  130  9:45  Centrifical Hooks  
  135  9:53  Baneling  
  135  9:54  Baneling x4  
  135  10:04  Overlord x4  
  135  10:06  Baneling x3  
  133  10:08  Overlord  
  133  10:10  Drone x2  
  133  10:11  Infestation Pit  
  134  10:14  Zergling x2  
  134  10:15  Overlord  
  134  10:21  Drone x2  
  134  10:24  Drone x2  
  134  10:25  Zergling x2  
  134  10:26  Zergling x26  
  134  10:27  Baneling x7  
  152  10:36  Overlord  
  152  10:40  Extractor  
  151  10:43  Baneling x2  
  151  10:47  Zerg Melee Weapons Level 2, Zerg Ground Armor Level 2  
  151  10:49  Hive  
  151  10:51  Hatchery, Zergling x6  
  153  11:02  Baneling x2  
  153  11:06  Baneling x8  
  153  11:11  Zergling x30  
  162  11:17  Mutalisk x2  
  166  11:20  Overlord  
  166  11:24  Overlord  
  160  11:34  Overlord  
  160  11:39  Extractor, Drone x3  
  162  11:40  Drone x3  
  162  11:42  Drone  
  162  11:44  Baneling x4  
  162  11:45  Mutalisk  
  168  11:55  Zergling x26  
  168  11:57  Baneling  
  168  11:58  Baneling x20  
  181  12:02  Baneling x2  
  181  12:08  Zergling x14  
  164  12:19  Zergling x4  
  164  12:20  Zergling x16  
  156  12:24  Adrenal Glands  
  156  12:27  Baneling x2  
  156  12:28  Ultralisk Cavern  
  155  12:30  Zergling x2  
  155  12:31  Zergling x6  
  159  12:42  Zergling x12  
  163  12:49  Zergling x14  
  170  12:54  Spore Crawler  
  170  12:55  Spore Crawler  
  146  13:06  Zergling x10  
  146  13:10  Mutalisk  
  146  13:11  Mutalisk x2  
  136  13:12  Zergling x2  
  136  13:13  Zergling x4, Baneling  
  136  13:14  Baneling x4  
  136  13:17  Ultralisk x2  
  149  13:22  Baneling  
  149  13:23  Baneling x14, Zergling x2  
  149  13:24  Zergling x8  
  154  13:33  Zergling x12  
  158  13:47  Zergling x4  
  159  13:49  Zergling x2  
  159  13:50  Zergling x6  
Tags
 
Add a new tag
Caveats
  • Supply blocks, unpowered buildings, or Contaminate may cause inaccurate times.
  • Supply counts are checked every 10 seconds.